AoeStats
← dushyanthkuthati

Arena

510181123Analyzed
4v4 RM · 3d ago on Sep 29, 2026· 27m 19s· 8 players
Game mode
Random Map
Map size
Large (8 player)
Population
200
Speed
Normal
Resources
Standard
Victory
Conquest
Starting age
Dark Age
Ending age
Imperial Age
RankedLock teamsTeams togetherTeam positionsShared explorationLock speedFull tech treeHidden civsTurbo modeCheats
Victory
Defeat
🇩🇪 Mongols · Germany
958
+19
🇪🇸 Mongols · Spain
890
+22
🇧🇷 Danes · Brazil
873
+22
🇺🇸 Tatars · United States
813
+25
🇵🇰 Bohemians · Pakistan
1059
-23
🇲🇽 Turks · Mexico
1018
-35
🇧🇷 Inca · Brazil
1010
-22
🇮🇳 Celts · India
999
-21
oxrollin
3:12 Loom
11:25 Feudal Age
11:58 Double-Bit Axe
12:50 Wheelbarrow
14:10 Horse Collar
18:20 Castle Age
18:10 Scale Barding Armor
17:56 Fletching
20:49 Bodkin Arrow
24:40 Bow Saw
25:24 Padded Archer Armor
meisterhaku
2:06 Loom
12:21 Feudal Age
13:44 Wheelbarrow
12:52 Horse Collar
13:01 Double-Bit Axe
13:12 Stone Mining
13:31 Gold Mining
20:11 Castle Age
21:18 Bow Saw
21:13 Heavy Plow
21:40 Hand Cart
23:08 Gold Shaft Mining
27:23 Fletching
Caduzera
6:57 Loom
9:48 Feudal Age
10:14 Double-Bit Axe
10:10 Horse Collar
11:42 Gold Mining
13:27 Man-at-Arms
13:53 Arson
16:36 Forging
16:26 Scale Mail Armor
20:03 Castle Age
18:28 Stone Mining
22:53 Long Swordsman
23:20 Gambesons
23:36 Squires
OvertChunk95
10:41 Loom
13:01 Feudal Age
14:15 Double-Bit Axe
17:03 Castle Age
15:04 Horse Collar
18:37 Wheelbarrow
21:10 Gold Mining
21:11 Stone Mining
27:38 Bow Saw
27:56 Heavy Plow
tonnyverygood
7:09 Loom
11:05 Feudal Age
15:19 Castle Age
13:18 Horse Collar
13:52 Double-Bit Axe
17:47 Loom
21:23 Imperial Age
20:20 Padded Archer Armor
21:31 Leather Archer Armor
21:31 Crossbowman
26:16 Bow Saw
26:08 Heavy Plow
Yes
11:06 Feudal Age
14:52 Castle Age
14:51 Double-Bit Axe
15:04 Horse Collar
NSN WAJID
14:06 Feudal Age
12:26 Loom
14:55 Horse Collar
15:25 Double-Bit Axe
18:02 Castle Age
16:09 Loom
19:56 Wheelbarrow
20:17 Bow Saw
dushyanthkuthati
0:51 Loom
13:41 Feudal Age
14:57 Wheelbarrow
16:15 Horse Collar
19:23 Castle Age
18:10 Double-Bit Axe
18:16 Gold Mining
18:15 Double-Bit Axe
18:21 Gold Mining
Connection lost

Rejoining the realm…

Still unreachable

The connection could not be restored.

Session expired

The server has moved on; the page needs a fresh start.